 Dungeon Crawl Stone Soup version 0.27.1-16-g815e20cd7a (webtiles) character file.

Game seed: 3111091354139473470

9 shr00mie the Shield-Bearer (level 2, 0/29 HPs)
             Began as a Troll Fighter on Nov 22, 2021.
             Slain by a worm (6 damage)
             ... on level 2 of the Dungeon.
             The game lasted 00:02:17 (169 turns).

shr00mie the Shield-Bearer (Troll Fighter)           Turns: 169, Time: 00:02:18

Health: 0/29       AC:  4    Str: 23    XL:     2   Next: 6%
Magic:  1/1        EV:  8    Int:  4    God:
Gold:   26         SH:  8    Dex:  9    Spells: 1/1 levels left

rFire    . . .     SeeInvis .   a - +0 rapier
rCold    . . .     Faith    .   c - +0 kite shield
rNeg     . . .     Spirit   .   b - +0 robe
rPois    .         Reflect  .   (helmet restricted)
rElec    .         Harm     .   (no cloak)
rCorr    .         Rampage  .   (gloves unavailable)
Will     .....                  (boots unavailable)
Stlth    +.........             (no amulet)
HPRegen  1.09/turn              (no ring)
MPRegen  0.07/turn              (no ring)

@: no status effects
A: large, unfitting armour, claws 3, regeneration 1, shaggy fur 1, tough skin 1
a: no special abilities


You were on level 2 of the Dungeon.
You visited 1 branch of the dungeon, and saw 2 of its levels.

You collected 26 gold pieces.

Inventory:

Hand Weapons
 a - a +0 rapier (weapon)
Armour
 b - a +0 robe (worn)
 c - a +0 kite shield (worn)
Scrolls
 e - a scroll of fear {unknown}
Potions
 d - a potion of might


   Skills:
 + Level 2.5 Fighting
 + Level 1.6 Short Blades
 + Level 2.5 Dodging
 + Level 2.6 Shields


You had one spell level left.
You didn't know any spells.
Your spell library was empty.

Dungeon Overview and Level Annotations

Branches:
Dungeon (1/15)

Altars:


Innate Abilities, Weirdness & Mutations

You are too large for most types of armour.
You have claws for hands.
Your natural rate of healing is unusually fast.
You are covered in fur. (AC +1)
You have tough skin. (AC +1)


Message History

The giant cockroach bites you but does no damage.
The worm bites you. You block the worm's attack.
You barely miss the worm.
The worm is severely wounded.
The ball python bites you but does no damage.
You block the giant cockroach's attack. You block the ball python's attack.
The worm bites you. The worm bites you!
* * * LOW HITPOINT WARNING * * *
You block the giant cockroach's attack.
Welcome back, shr00mie the Troll Fighter.
Press ? for a list of commands and other information.
You hit the ball python.
The ball python is moderately wounded.
The ball python bites you but does no damage.
The giant cockroach bites you but does no damage.
The ball python barely misses you. You block the worm's attack.
You block the giant cockroach's attack.
You puncture the worm!
You kill the worm!
You block the ball python's attack. The giant cockroach bites you.
* * * LOW HITPOINT WARNING * * *
The worm bites you but does no damage. The ball python closely misses you.
You have reached level 2!
Welcome back, shr00mie the Troll Fighter.
Press ? for a list of commands and other information.
You closely miss the ball python.
The ball python is moderately wounded.
The giant cockroach misses you. You block the ball python's attack.
The giant cockroach bites you but does no damage.
The worm barely misses you.
You closely miss the ball python.
The ball python is moderately wounded.
The ball python bites you but does no damage.
The giant cockroach bites you but does no damage.
The ball python bites you.
* * * LOW HITPOINT WARNING * * *
The giant cockroach bites you.
* * * LOW HITPOINT WARNING * * *
The worm bites you.
You die...

#........###
#..........
+..........
#........#
#...?....#
#........#
#........#
#....wBS.#
#...(†@..#
#.[......#
##########


You could see a worm, a giant cockroach and a ball python.

Vanquished Creatures
  A worm (D:2)
  2 bats
  A giant cockroach (D:1)
  A hobgoblin (D:1)
  A frilled lizard (D:1)
  A rat (D:2)
7 creatures vanquished.

Notes
Turn   | Place    | Note
-------+----------+-------------------------------------------
     0 | D:1      | shr00mie the Troll Fighter began the quest for the Orb.
     0 | D:1      | Reached XP level 1. HP: 22/22 MP: 0/0
   153 | D:1      | You fall into a shaft and drop 1 floor!
   164 | D:2      | HP: 1/22 [worm (7)]
   168 | D:2      | Reached XP level 2. HP: 5/29 MP: 1/1
   169 | D:2      | Slain by a worm

Illustrated notes

Levels and vault maps discovered:
D:1:      nicolae_arrival_washed_ashore, layout_loops_ring, nrook_mini_vaults
D:2:      layout_basic, serial_shops, shop

Action                   || total
-------------------------++-------
Melee: Rapier            ||    22
Armor: Robe              ||    14
Dodge: Dodged            ||    13
Block: Kite shield       ||    17
